 Dungeon Crawl Stone Soup version 0.29.0-10-g45618ea6d2 (webtiles) character file.

Game seed: 2075301974147767607

2089 SensoryNuts the Poker (level 9, -2/81 HPs)
             Began as a Naga Fighter on Sept 2, 2022.
             Slain by an ice beast (11 damage)
             ... on level 7 of the Dungeon.
             The game lasted 00:09:04 (7461 turns).

SensoryNuts the Poker (Naga Fighter)                Turns: 7461, Time: 00:09:04

Health: -2/81      AC:  7    Str: 24    XL:     9   Next: 27%
Magic:  9/9        EV:  7    Int:  8    God:
Gold:   300        SH: 14    Dex: 10    Spells: 8/8 levels left

rFire   . . .      SeeInvis +   o - +2 spear (flame)
rCold   . . .      Faith    .   f - +0 kite shield
rNeg    . . .      Spirit   .   b - +0 scale mail
rPois   +          Reflect  +   (no helmet)
rElec   .          Harm     .   (no cloak)
rCorr   .          Rampage  .   (no gloves)
Will    +....                   (no barding)
Stlth   ..........              e - amulet of reflection
HPRegen 0.23/turn               n - ring of flight
MPRegen 0.11/turn               (no ring)

@: mighty, flying, very slow
A: AC +3, large, see invisible, deformed body, poison resistance, slowness 2,
spit poison 1, naga tail 1, passive freeze
a: Spit Poison


You were on level 7 of the Dungeon.
You visited 1 branch of the dungeon, and saw 7 of its levels.

You collected 300 gold pieces.

Inventory:

Hand Weapons
 a - a +0 trident
 o - a +2 spear of flaming (weapon)
Armour
 b - a +0 scale mail (worn)
 f - a +0 kite shield (worn)
Jewellery
 e - an amulet of reflection (around neck)
 n - a ring of flight (left hand)
 p - a ring of ice
Wands
 d - a wand of quicksilver (7)
Scrolls
 c - 3 scrolls of noise {unknown}
 r - a scroll of magic mapping
 t - a scroll of fog {unknown}
 u - a scroll of identify
 v - a scroll of brand weapon {unknown}
Potions
 h - 2 potions of magic
 i - a potion of attraction {unknown}
 j - a potion of invisibility {unknown}
 l - a potion of brilliance {unknown}
 m - 2 potions of degeneration {unknown}
 q - a potion of cancellation {unknown}
 s - a potion of curing {unknown}
 w - a potion of haste {unknown}


   Skills:
 + Level 5.1 Fighting
 + Level 6.4 Polearms
 + Level 5.8 Armour
 + Level 2.2 Dodging
 + Level 1.7 Stealth
 + Level 6.0 Shields


You had 8 spell levels left.
You didn't know any spells.
Your spell library contained the following spells:

 Spells                   Type           Power      Damage    Failure   Level
 Magic Dart               Conj           0%         1d3       91%         1
 Call Imp                 Summ           0%         N/A       97%         2
 Ensorcelled Hibernation  Hex/Ice        0%         N/A       97%         2
 Call Canine Familiar     Summ           0%         N/A       100%        3
 Mephitic Cloud           Conj/Pois/Air  0%         N/A       100%        3
 Portal Projectile        Hex/Tloc       0%         N/A       100%        3
 Spider Form              Tmut/Pois      0%         N/A       100%        3
 Anguish                  Hex/Necr       0%         N/A       100%        4
 Leda's Liquefaction      Hex/Erth       0%         N/A       100%        4


Dungeon Overview and Level Annotations

Branches:
Dungeon (7/15)
 Temple: D:4-7

Altars:

Annotations:
D:7 1 runed translucent door, 2 transporters, Crazy Yiuf


Innate Abilities, Weirdness & Mutations

Your serpentine skin is tough. (AC +3)
You have supernaturally acute eyesight. (SInv)
Armour fits poorly on your strangely shaped body.
Your system is resistant to poisons. (rPois)
You cover ground very slowly.
You can spit poison.
You have a snake-like lower body.
A frigid envelope surrounds you and freezes all who hurt you.


Message History

Press: ? - help, Dir - move target, f - orc priest
Aim: an orc priest, wielding a +0 dagger (about 34% to evade your +2 spear of flaming)
You reach to attack!
You puncture the orc priest! You burn the orc priest.
You kill the orc priest!
You have got your breath back.
You hit the orc wizard. You burn the orc wizard.
The orc wizard is moderately wounded.
You block the orc wizard's attack.
You miss the orc wizard.
The orc wizard is moderately wounded.
You block the orc wizard's attack.
You puncture the orc wizard! You burn the orc wizard.
You kill the orc wizard!
Your Shields skill increases to level 6!
You puncture the orc! You burn the orc.
You kill the orc!
You hit the ice beast.
You melt the ice beast.
The ice beast is moderately wounded.
The ice beast barely misses you.
You puncture the ice beast!
You melt the ice beast.
The ice beast is heavily wounded.
You block the ice beast's attack.
You closely miss the ice beast.
The ice beast is heavily wounded.
The ice beast closely misses you.
You puncture the ice beast!
You melt the ice beast.
The ice beast is almost dead.
You hit the ice beast.
You melt the ice beast.
The ice beast is almost dead.
The ice beast hits you.
* * * LOW HITPOINT WARNING * * *
The ice beast freezes you!
* * * LOW HITPOINT WARNING * * *
The ice beast completely resists.
You closely miss the ice beast.
The ice beast is almost dead.
The ice beast hits you.
* * * LOW HITPOINT WARNING * * *
The ice beast freezes you!
You die...

.$. .............. #.#
#............. ##.#
....#####.©.## ... ...#
.#####. ###
#.###..##..#...©...
.....##......#..(.o#...#.
.....o.))# #.#.#.#.#.#.#.
..).o..#Y# #.#...## # #
.......#@# #.##...#.# #
....o.o#.###..#.#.... .l
......o#......#...# #
.......####...#s.########
......#####..##V##...#...
.............#.V#..#...#.
..####..#.......©..
#..####'#######
#...#8x:|#.©.#.


You could see an ice beast.

Vanquished Creatures
  An orc warrior (D:7)
  A sky beast (D:4)
  2 phantoms
  2 bullfrogs (D:7)
  A gnoll sergeant (D:5)
  2 necrophages
  6 scorpions
  9 killer bees
  A howler monkey (D:5)
  A lava snake (D:7)
  5 hounds
  A gnoll bouda (D:7)
  2 orc priests (D:7)
  A jelly (D:6)
  2 iguanas (D:5)
  3 orc wizards
  Terence (D:2)
  Robin (D:4)
  6 gnolls
  6 adders
  A worm (D:3)
  5 dart slugs
  9 orcs
  5 ball pythons
  5 endoplasms
  3 giant cockroaches
  10 goblins
  12 hobgoblins
  4 jackals (D:1)
  10 kobolds
  6 quokkas
  3 bats
  5 frilled lizards
  6 rats
138 creatures vanquished.

Vanquished Creatures (others)
  30 plants
30 creatures vanquished.

Grand Total: 168 creatures vanquished

Notes
Turn   | Place    | Note
-------+----------+-------------------------------------------
     0 | D:1      | SensoryNuts the Naga Fighter began the quest for the Orb.
     0 | D:1      | Reached XP level 1. HP: 21/21 MP: 1/1
   270 | D:1      | Reached XP level 2. HP: 27/28 MP: 2/2
   723 | D:1      | Reached XP level 3. HP: 34/34 MP: 3/3
  1614 | D:2      | Noticed Terence
  1626 | D:2      | Killed Terence
  1627 | D:2      | Reached XP level 4. HP: 29/42 MP: 4/4
  1720 | D:2      | Found a faded altar of an unknown god.
  2581 | D:4      | Noticed a sky beast
  2593 | D:4      | Killed a sky beast
  2594 | D:4      | Reached XP level 5. HP: 22/49 MP: 5/5
  2777 | D:4      | Noticed Robin
  2978 | D:4      | Killed Robin
  3043 | D:4      | Reached XP level 6. HP: 52/57 MP: 6/6
  3107 | D:4      | Reached skill level 1 in Dodging
  3503 | D:4      | Reached XP level 7. HP: 62/64 MP: 7/7
  3512 | D:4      | Reached skill level 5 in Polearms
  4049 | D:5      | Entered Level 5 of the Dungeon
  4453 | D:5      | Reached skill level 1 in Stealth
  4470 | D:5      | Reached XP level 8. HP: 48/73 MP: 8/8
  4787 | D:5      | Gained mutation: You possess an exceptional clarity of
                  | mind. [potion of mutation]
  4787 | D:5      | Lost mutation: You possess an exceptional clarity of mind.
                  | [potion of mutation]
  4787 | D:5      | Gained mutation: A frigid envelope surrounds you and
                  | freezes all who hurt you. [potion of mutation]
  4800 | D:5      | Reached skill level 5 in Shields
  6297 | D:6      | Reached skill level 5 in Armour
  6824 | D:7      | Reached XP level 9. HP: 41/80 MP: 9/9
  6825 | D:7      | Reached skill level 5 in Fighting
  7149 | D:7      | Found a runed translucent door.
  7150 | D:7      | Noticed Crazy Yiuf
  7206 | D:7      | Noticed an unseen horror
  7209 | D:7      | Noticed a meliai
  7240 | D:7      | Found the ring of the Tortoise {AC+8}
  7259 | D:7      | Found a transporter.
  7259 | D:7      | Found a transporter.
  7376 | D:7      | Noticed a four-headed hydra
  7419 | D:7      | Noticed a boulder beetle
  7461 | D:7      | Slain by an ice beast

Illustrated notes

Levels and vault maps discovered:
D:1:      onia_arrival_mini_spirals, layout_loops_ring, lexackson_kobold_supper
D:2:      layout_loops_corners, shapermc_ecumenical_altar_mp_vishouse,
          uniq_terence
D:3:      layout_rooms, chequers_serial_rivers_room_b
D:4:      minmay_recursive_quarters, layout_basic, uniq_robin
D:5:      layout_layer_cave, hangedman_abyss_or_decor_stabs,
          nicolae_grassy_gnolls
D:6:      layout_basic, minmay_temple_entry_from_below_a
D:7:      gammafunk_the_bubble [the_bubble_gammafunk_split], layout_rooms,
          kennysheep_minor_cross, uniq_crazy_yiuf_cottage

Skill      XL: |  1  2  3  4  5  6  7  8  9 |
---------------+----------------------------+-----
Shields        | 3 4 5 6 |  6.0
Polearms       | 3 4 5 6 |  6.4
Armour         | 3 4 5 |  5.8
Fighting       | 4 5 |  5.1
Dodging        | 1 2 |  2.2
Stealth        | 1 |  1.7

Action                   |  1- 3 |  4- 6 |  7- 9 || total
-------------------------+-------+-------+-------++-------
Melee: Trident           |   121 |    44 |       ||   165
       Spear             |       |    95 |   258 ||   353
 Abil: Spit Poison       |       |       |     1 ||     1
  Use: Scroll            |     2 |     1 |     4 ||     7
       Potion            |     1 |     1 |     8 ||    10
Armor: Scale mail        |    35 |    41 |    55 ||   131
Dodge: Dodged            |    29 |    36 |    56 ||   121
Block: Buckler           |    40 |    65 |    91 ||   196
       Reflection        |     4 |     1 |     3 ||     8
       Kite shield       |       |       |    45 ||    45
